 Dungeon Crawl Stone Soup version 0.31-a0-1511-g961fd35ebc (webtiles) character file.

Game seed: 14293163970940124551

5226 EnegeticOcto the Fighter (level 10, -11/139 HPs)
             Began as a Minotaur Wanderer on Dec 30, 2023.
             Was a Believer of Sif Muna.
             Killed from afar by a tengu conjurer (29 damage)
             ... with a bolt of lightning
             ... on level 9 of the Dungeon.
             The game lasted 00:14:09 (6961 turns).

EnegeticOcto the Fighter (Minotaur Wanderer)        Turns: 6961, Time: 00:14:10

Health: -11/139    AC: 17    Str: 25    XL:     10   Next: 35%
Magic:  9/9        EV: 10    Int:  8    God:    Sif Muna [**....]
Gold:   139        SH:  8    Dex:  8    Spells: 9/9 levels left

rFire   . . .        E - +5 war axe (flame)
rCold   + . .        r - +3 warlock's mirror {omnireflect}
rNeg    . . .        K - +3 ring mail {rC+}
rPois   .            F - +1 hat of the Cartwright {^Drain +Blink Dex-5 Slay+5}
rElec   .            a - scarf {+Inv}
rCorr   .            g - +2 pair of gloves
SInv    .            (no boots)
Will    .....        (no amulet) Stlth
                     i - +4 ring of protection
HPRegen 0.43/turn    N - +6 ring of strength
MPRegen 0.11/turn

%: reflection
@: berserking (expiring), very quick
A: horns 2, retaliatory headbutt
a: Renounce Religion, Evoke Blink, Evoke Invisibility, Channel Magic


You were on level 9 of the Dungeon.
You worshipped Sif Muna.
Sif Muna was pleased with you.
You visited 2 branches of the dungeon, and saw 10 of its levels.

You collected 539 gold pieces.
You spent 400 gold pieces at shops.

Inventory:

Hand Weapons
 b - a +0 sling
 u - a +2 dagger of venom
   (You took it off a kobold on level 3 of the Dungeon)
 w - a +0 quarterstaff of venom
   (You found it on level 3 of the Dungeon)
 y - the +5 dagger "Gaotoergh" {spect, rC+ Str+3}
   (You took it off a goblin on level 3 of the Dungeon)

   Str+3:     It affects your strength (+3).
   rC+:       It protects you from cold.
 E - a +5 war axe of flaming (weapon)
   (You took it off a wight on level 8 of the Dungeon)
 P - a +2 whip of electrocution
   (You took it off Pikel on level 5 of the Dungeon)
Missiles
 c - 34 poisoned darts (quivered)
Armour
 a - a scarf of invisibility (worn)
   (You found it on level 6 of the Dungeon)
 g - a +2 pair of gloves (worn)
   (You found it on level 1 of the Dungeon)
 r - the +3 warlock's mirror (worn) {omnireflect}
   (You bought it in a shop on level 7 of the Dungeon)

   Omnireflect: It can block and reflect piercing ranged attacks and magical
   attacks against the wielder's willpower.
 D - a +1 leather armour of fire resistance
   (You found it on level 4 of the Dungeon)
 F - the +1 hat of the Cartwright (worn) {^Drain +Blink Dex-5 Slay+5}
   (You found it on level 8 of the Dungeon)

   Dex-5:     It affects your dexterity (-5).
   Slay+5:    It affects your accuracy & damage with ranged weapons and melee
   (+5).
   +Blink:    It lets you blink.
   ^Drain:    It drains your maximum health when unequipped.
 K - a +3 ring mail of cold resistance (worn)
   (You took it off Duvessa on level 5 of the Dungeon)
Magical Staves
 f - a staff of alchemy
   (You found it on level 6 of the Dungeon)
Jewellery
 i - a +4 ring of protection (left hand)
   (You found it on level 1 of the Dungeon)
 m - a ring of poison resistance
   (You found it on level 6 of the Dungeon)
 p - a ring of resist corrosion
   (You found it on level 2 of the Dungeon)
 C - a ring of positive energy
   (You found it on level 4 of the Dungeon)
 N - a +6 ring of strength (right hand)
   (You found it on level 7 of the Dungeon)
Wands
 d - a wand of paralysis (8)
   (You found it on level 6 of the Dungeon)
 v - a wand of mindburst (16)
   (You found it on level 6 of the Dungeon)
 B - a wand of polymorph (2)
   (You took it off Blork the orc on level 4 of the Dungeon)
 G - a wand of flame (31) {@v4}
   (You took it off Ijyb on level 4 of the Dungeon)
Scrolls
 e - 6 scrolls of teleportation {@r3 !r}
 l - a scroll of fear {unknown}
 o - 3 scrolls of fog {unknown}
 q - 3 scrolls of immolation
 s - 2 scrolls of torment
 x - a scroll of silence {unknown}
 A - 3 scrolls of blinking {@r4}
 H - 2 scrolls of amnesia {unknown}
 J - a scroll of identify {unknown}
 L - a scroll of poison {unknown}
 O - a scroll of revelation {unknown}
Potions
 h - 3 potions of curing {@q1 !q}
 j - 2 potions of brilliance {unknown}
 k - a potion of ambrosia {unknown}
 n - a potion of resistance {unknown}
 t - 3 potions of might {@q3 !q}
 z - a potion of mutation {unknown}
 I - a potion of berserk rage
 M - a potion of heal wounds {unknown}
 Q - a potion of lignification {unknown}


   Skills:
 - Level 10.0 Fighting
 + Level 4.0(5.9) Axes
 - Level 5.3(8.7) Maces & Flails
 - Level 3.8(7.9) Polearms
 - Level 9.8(10.7) Staves
 - Level 1.1 Ranged Weapons
 - Level 2.0 Throwing
 - Level 6.0 Armour
 - Level 2.0 Stealth
 - Level 6.0 Shields
 + Level 3.0 Evocations


You had 9 spell levels left.
You didn't know any spells.
Your spell library contained the following spells:

 Spells                   Type           Power      Damage    Failure   Level
 Apportation              Tloc           0%         N/A       58%         1
 Kiss of Death            Conj/Necr      0%         2d5       58%         1
 Necrotise                Necr           0%         1d4       58%         1
 Sandblast                Erth           0%         2d4       58%         1
 Sting                    Conj/Alch      0%         1d3       58%         1
 Summon Small Mammal      Summ           0%         N/A       58%         1
 Confusing Touch          Hex            0%         N/A       92%         3
 Passwall                 Erth           0%         N/A       92%         3
 Stone Arrow              Conj/Erth      0%         3d7       92%         3
 Brom's Barrelling Bould  Conj/Erth      0%         2d3       100%        4
 Dispel Undead            Necr           0%         3d6       100%        4
 Olgreb's Toxic Radiance  Alch           0%         N/A       100%        4
 Ozocubu's Refrigeration  Ice            0%         4d7       100%        7
 Discord                  Hex            0%         N/A       100%        8


Dungeon Overview and Level Annotations

Branches:
Dungeon (9/15) Zot: 26825  Temple (1/1) D:5 Zot: 5983
   Lair: D:8-11         Orc: D:9-12

Altars:
Ashenzari
Cheibriados
Dithmenos
Elyvilon
Fedhas
Gozag
Hepliaklqana
Makhleb
Nemelex Xobeh
Okawaru
Qazlal
Ru
Sif Muna
Trog
Uskayaw
Vehumet
Wu Jian
Xom
Yredelemnul
Zin
The Shining One

Shops:
D:2 :   D:7 [

Annotations:
D:4 3 runed translucent doors, exclusion: 3 doors, koorschki's ghost, amateur OpCj


Innate Abilities, Weirdness & Mutations

You have a pair of horns on your head.
You reflexively headbutt those who attack you in melee.


Message History

You easily resist.
You closely miss the orc warrior.
The orc warrior is lightly wounded.
You slash the orc wizard! You burn the orc wizard.
You kill the orc wizard!
Sif Muna accepts your kill.
You slash the killer bee! You burn the killer bee.
You block the killer bee's attack. The killer bee stings you.
The orc warrior barely misses you.
The killer bee stings you but does no damage.
You slice the killer bee!! You burn the killer bee.
You kill the killer bee!
Sif Muna accepts your kill.
You barely miss the orc warrior. You block the orc warrior's attack.
A cyclops comes into view.
You closely miss the orc warrior. Your headbutt misses the orc warrior.
The orc warrior is lightly wounded.
The orc warrior closely misses you. The orc warrior barely misses you.
The wight closely misses you.
You slash the orc warrior! You burn the orc warrior.
The orc warrior is heavily wounded.
You hit the wight. You burn the wight. You block the orc warrior's attack.
You block the wight's attack.
You closely miss the orc warrior. You headbutt the orc warrior.
The orc warrior is heavily wounded.
You hit the wight but do no damage.
The orc warrior hits you with a +0 morningstar!
The wight hits you but does no damage.
You barely miss the orc warrior.
The orc warrior is heavily wounded.
You slash the cyclops! You burn the cyclops. You slash the wight!
You burn the wight.
You destroy the wight!
Sif Muna accepts your kill. The orc warrior closely misses you.
The cyclops closely misses you. You block the orc warrior's attack.
Your base Axes skill increases to level 3!
You barely miss the orc warrior.
The orc warrior is heavily wounded.
You hit the cyclops. You burn the cyclops.
The orc warrior completely misses you. You furiously retaliate!
You headbutt the orc warrior!
You kill the orc warrior!
Sif Muna accepts your kill.
Training target 6.0 for Shields reached!
Your Shields skill increases to level 6!
You completely miss the cyclops. You headbutt the cyclops.
The cyclops is moderately wounded.
The cyclops hits you!
You are too injured to fight recklessly!
You are too injured to fight recklessly!
You are too injured to fight recklessly!
You are too injured to fight recklessly!
You are too injured to fight recklessly!
You are too injured to fight recklessly!
You are too injured to fight recklessly!
You are too injured to fight recklessly!
You are too injured to fight recklessly!
You hit the cyclops. You burn the cyclops.
The cyclops is heavily wounded.
The cyclops hits you.
You slash the cyclops! You burn the cyclops.
The cyclops is severely wounded.
The cyclops hits you!!
* * * LOW HITPOINT WARNING * * *
A tengu conjurer comes into view.
It was a potion of berserk rage.
A red film seems to cover your vision as you go berserk!
You feel yourself moving faster!
You feel mighty! You block the cyclops's attack.
The tengu conjurer mumbles some strange words.
The tengu conjurer conjures a globe of magical energy!
You hear an angry hiss.
A battlesphere comes into view.
You slice the cyclops!! You burn the cyclops.
You kill the cyclops!
Sif Muna accepts your kill.
Your base Axes skill increases to level 4!
Your Evocations skill increases to level 3!
Items here: ( ) [ ††.
You feel a strong urge to attack something.
The tengu conjurer hits you but does no damage.
The tengu conjurer pecks you but does no damage.
The tengu conjurer claws you but does no damage.
You miss the tengu conjurer. You barely miss the battlesphere.
You block the tengu conjurer's attack. x2
The tengu conjurer claws you but does no damage.
You miss the tengu conjurer. You headbutt the tengu conjurer!!
The tengu conjurer is severely wounded.
The tengu conjurer points at you and mumbles some strange words.
The bolt of lightning hits you!!
* * * LOW HITPOINT WARNING * * *
You hear an angry hiss.
You completely miss the tengu conjurer.
The tengu conjurer is severely wounded.
You slice the battlesphere!! You burn the battlesphere.
You destroy the battlesphere!
The tengu conjurer casts a spell at you.
The bolt of lightning hits you!!
You die...

#.# ..... #.#
...# #.# ##..#
#####.#####..#
.........##.#
########.#..#
#....# ### ##
###..###(##..##.#
#.....)@Q......
#.....)☼.......
###############


You could see a tengu conjurer.

Vanquished Creatures
  Pikel (D:5)
  A cyclops (D:9)
  A gargoyle (D:8)
  A troll (D:5)
  Grinder (D:5)
  A spriggan (D:8)
  A steam dragon (D:8)
  Duvessa (D:5)
  3 water moccasins
  2 ice beasts
  An orc warrior (D:9)
  A sky beast (D:8)
  3 centaurs
  2 ogres
  A lemure (D:5)
  A phantom (D:6)
  2 kobold brigands (D:9)
  A bullfrog (D:8)
  Blork the orc (D:4)
  A scorpion (D:7)
  Dowan (D:5)
  9 wights
  A killer bee (D:9)
  5 howler monkeys
  5 hounds
  2 jellies
  A gnoll bouda (D:8)
  6 orc priests
  Ijyb (D:4)
  4 iguanas
  3 sleepcaps
  8 orc wizards
  6 gnolls
  5 adders
  2 ufetubi (D:5)
  3 dart slugs
  3 ribbon worms
  13 orcs
  7 ball pythons
  2 bats
  6 endoplasms
  5 giant cockroaches
  6 goblins
  7 hobgoblins
  2 jackals (D:2)
  23 kobolds
  3 quokkas
  4 frilled lizards
  7 rats
177 creatures vanquished.

Notes
Turn   | Place    | Note
-------+----------+-------------------------------------------
     0 | D:1      | EnegeticOcto the Minotaur Wanderer began the quest for the
                  | Orb.
     0 | D:1      | EnegeticOcto set off with the following items: a +2 spear,
                  | a +0 sling, 10 poisoned darts, a +0 dagger, a scroll of
                  | teleportation {@r3 !r}, a +0 leather armour.
     0 | D:1      | Reached XP level 1. HP: 16/16 MP: 0/0
    42 | D:1      | Reached skill level 1 in Stealth
    88 | D:1      | Reached XP level 2. HP: 23/23 MP: 1/1
   135 | D:1      | Reached skill level 2 in Stealth
   175 | D:1      | Found a faded altar of an unknown god.
   590 | D:1      | Reached XP level 3. HP: 23/24 MP: 2/2
   607 | D:2      | Reached skill level 2 in Fighting
   881 | D:2      | Reached skill level 1 in Maces & Flails
   967 | D:2      | Found Suojig's Book Shoppe.
  1288 | D:3      | Reached XP level 4. HP: 31/36 MP: 3/3
  1445 | D:3      | Identified the +5 dagger "Gaotoergh" {spect, rC+ Str+3}
  1587 | D:3      | Reached skill level 3 in Fighting
  1750 | D:4      | Reached skill level 2 in Staves
  1793 | D:4      | Reached skill level 3 in Staves
  1808 | D:4      | Noticed Blork the orc
  1817 | D:4      | Killed Blork the orc
  1818 | D:4      | Reached skill level 4 in Staves
  1818 | D:4      | Reached XP level 5. HP: 45/45 MP: 4/4
  1968 | D:4      | Found a blossoming altar of Fedhas.
  2230 | D:4      | Found a runed translucent gate.
  2230 | D:4      | Found a runed translucent gate.
  2230 | D:4      | Found a runed translucent gate.
  2231 | D:4      | Noticed koorschki's ghost (amateur OpCj)
  2327 | D:4      | Noticed Ijyb
  2334 | D:4      | Killed Ijyb
  2335 | D:4      | Reached skill level 5 in Staves
  2388 | D:4      | Reached XP level 6. HP: 49/51 MP: 5/5
  2568 | D:5      | Entered Level 5 of the Dungeon
  2680 | D:5      | Reached skill level 4 in Fighting
  2792 | D:5      | Reached skill level 5 in Fighting
  2833 | D:5      | Noticed Pikel
  2849 | D:5      | Killed Pikel
  2850 | D:5      | Reached skill level 8 in Fighting
  2850 | D:5      | Reached XP level 7. HP: 41/68 MP: 6/6
  2946 | D:5      | Noticed Grinder
  2963 | D:5      | Killed Grinder
  2964 | D:5      | Reached skill level 2 in Armour
  2964 | D:5      | Reached XP level 8. HP: 72/75 MP: 7/7
  3045 | D:5      | Reached skill level 6 in Staves
  3045 | D:5      | Reached skill level 3 in Armour
  3063 | D:5      | Noticed Duvessa
  3063 | D:5      | Noticed Dowan
  3082 | D:5      | Killed Duvessa
  3089 | D:5      | Killed Dowan
  3255 | D:5      | Found a staircase to the Ecumenical Temple.
  3264 | Temple   | Entered the Ecumenical Temple
  3272 | Temple   | Became a worshipper of Sif Muna the Loreminder
  3332 | D:5      | Identified the +2 ring mail of Kyoczomn {rC+ rCorr Int+4
                  | Dex-2}
  3599 | D:5      | Noticed a troll
  3625 | D:5      | Killed a troll
  3626 | D:5      | Reached skill level 9 in Fighting
  3626 | D:5      | Reached skill level 4 in Armour
  3974 | D:6      | Noticed Maggie
  3975 | D:6      | Maggie changed into Maggie the adder
  3975 | D:6      | Noticed Maggie
  3980 | D:6      | Killed Maggie the adder
  4027 | D:6      | Reached skill level 7 in Staves
  4038 | D:6      | Found a glowing golden altar of the Shining One.
  4056 | D:6      | Reached skill level 5 in Armour
  4296 | D:6      | Found a snail-covered altar of Cheibriados.
  4421 | D:6      | Reached XP level 9. HP: 85/85 MP: 8/8
  4799 | D:6      | Reached skill level 10 in Fighting
  4898 | D:7      | Reached skill level 8 in Staves
  4898 | D:7      | Reached skill level 6 in Armour
  5058 | D:7      | Found a white marble altar of Elyvilon.
  5059 | D:7      | Found a bloodstained altar of Trog.
  5096 | D:7      | Reached skill level 9 in Staves
  5165 | D:7      | Found an ornate altar of the Wu Jian Council.
  5308 | D:7      | Found a basalt altar of Yredelemnul.
  5332 | D:7      | Found Jeqe's Armour Boutique.
  5338 | D:7      | Bought the +3 warlock's mirror {omnireflect} for 400 gold
                  | pieces
  5338 | D:7      | Found the +3 warlock's mirror {omnireflect}
  5390 | D:7      | Reached skill level 2 in Maces & Flails
  5502 | D:7      | Reached skill level 1 in Shields
  5875 | D:8      | Reached skill level 2 in Shields
  5981 | D:8      | Reached skill level 3 in Maces & Flails
  5986 | D:8      | Reached skill level 3 in Shields
  6108 | D:8      | Reached skill level 4 in Maces & Flails
  6139 | D:8      | Reached * piety under Sif Muna
  6171 | D:8      | Reached skill level 4 in Shields
  6238 | D:8      | Reached skill level 5 in Maces & Flails
  6245 | D:8      | Reached XP level 10. HP: 72/93 MP: 9/9
  6274 | D:8      | Reached skill level 5 in Shields
  6383 | D:8      | Noticed a gargoyle
  6391 | D:8      | Reached skill level 1 in Axes
  6392 | D:8      | Killed a gargoyle
  6393 | D:8      | Reached skill level 2 in Axes
  6625 | D:8      | Identified the +1 hat of the Cartwright {^Drain +Blink
                  | Dex-5 Slay+5}
  6816 | D:9      | Reached skill level 2 in Evocations
  6863 | D:9      | Found a radiant altar of Vehumet.
  6946 | D:9      | Noticed a cyclops
  6951 | D:9      | Reached skill level 3 in Axes
  6951 | D:9      | Reached ** piety under Sif Muna
  6952 | D:9      | Reached skill level 6 in Shields
  6956 | D:9      | Killed a cyclops
  6957 | D:9      | Reached skill level 4 in Axes
  6957 | D:9      | Reached skill level 3 in Evocations
  6961 | D:9      | Killed from afar by a tengu conjurer

Illustrated notes

Levels and vault maps discovered:
D:1:      lemuel_arrival_hallway, layout_rooms, chequers_ecumenical_altar_simple
D:2:      layout_basic, serial_shops, shop, minmay_heptomino_l4
D:3:      cheibrodos_old_hovel, layout_rooms
D:4:      layout_loops_ring, kennysheep_mini, gammafunk_ghost_nasty_kobolds,
          uniq_blork_the_orc, uniq_ijyb
D:5:      layout_basic, lemuel_temple_firewalk_b, uniq_pikel, uniq_duvessa,
          uniq_grinder
D:6:      layout_basic, chei_slow_surprise, mainiacjoe_overflow_24_doors,
          minmay_puff, uniq_maggie
D:7:      layout_loops_ring, gammafunk_temple_overflow_pools,
          mainiacjoe_overflow_alcove_4, nzn_wu_jian_council_hall, serial_shops,
          shop
D:8:      layout_basic, hex_large, the_hattery
D:9:      layout_basic, nicolae_vehumet_radiance, minmay_ruined_shrine
Temple:   hellmonk_temple_forest_ring

Skill      XL: |  1  2  3  4  5  6  7  8  9 10 |
---------------+-------------------------------+-----
Stealth        | 1 2 |  2.0
Fighting       | 2 3 8 9 10 | 10.0
Maces & Flails | 1 5 |  5.3
Staves         | 4 5 7 9 |  9.8
Armour         | 2 5 6 |  6.0
Shields        | 4 6 |  6.0
Axes           | 4 |  4.0
Evocations     | 3 |  3.0
Polearms       | |  3.8
Ranged Weapons | |  1.1
Throwing       | |  2.0

Action                     |  1- 3 |  4- 6 |  7- 9 | 10-12 || total
---------------------------+-------+-------+-------+-------++-------
  Melee: Spear             |    66 |       |       |       ||    66
         Headbutt          |     9 |    13 |    45 |    11 ||    78
         Whip              |    48 |     9 |    64 |     5 ||   126
         Dagger            |       |    85 |    63 |       ||   148
         Unarmed           |       |     2 |       |       ||     2
         Quarterstaff      |       |       |    85 |       ||    85
         Punch             |       |       |     1 |       ||     1
         War axe           |       |       |       |    47 ||    47
  Throw: Dart              |       |     5 |       |       ||     5
  Evoke: Wand              |       |       |     6 |       ||     6
    Use: Scroll            |       |     3 |     4 |     1 ||     8
         Potion            |       |     1 |     1 |     1 ||     3
   Stab: Distracted        |       |     2 |     1 |       ||     3
 Armour: Leather armour    |    52 |       |       |       ||    52
         Plate armour      |     1 |    71 |    33 |       ||   105
         Ring mail         |       |       |   125 |    29 ||   154
  Dodge: Dodged            |    36 |    20 |    81 |    25 ||   162
  Block: Buckler           |       |       |    12 |    23 ||    35
         Reflection        |       |       |       |     2 ||     2

Table legend: (Time is in decaauts)
 A = Elapsed time spent in this place.
 B = Non-inter-level travel time spent in this place.
 C = Inter-level travel time spent in this place.
 D = Time resting spent in this place.
 E = Time spent auto-exploring this place.
 F = Levels seen in this place.
 G = Mean time per level.
                   A        B        C        D        E       F      G
               +--------+--------+--------+--------+--------+-----+--------+
         Total |   6946 |   6597 |    349 |    524 |   4779 |  10 |  694.6 |
       Dungeon |   6930 |   6588 |    342 |    524 |   4779 |   9 |  770.0 |
        Temple |     16 |      9 |      7 |      0 |      0 |   1 |   16.0 |
               +--------+--------+--------+--------+--------+-----+--------+

Top non-repeatable levels by time:
     D:5: 1430 daAuts
     D:6: 949 daAuts
     D:8: 935 daAuts
     D:7: 880 daAuts
     D:4: 841 daAuts
     D:3: 634 daAuts
     D:2: 601 daAuts
     D:1: 483 daAuts
     D:9: 173 daAuts
  Temple: 16 daAuts

Table legend:
 A = Kills in this place as a percentage of kills in the entire game.
 B = Kills by you in this place as a percentage of kills by you in the entire game.
 C = Kills by friends in this place as a percentage of kills by friends in the entire game.
 D = Other kills in this place as a percentage of other kills in the entire game.
 E = Experience gained in this place as a percentage of experience gained in the entire game.
 F = Experience gained in this place divided by the number of levels of this place that you have seen.
                   A       B       C       D       E      F
               +-------+-------+-------+-------+-------+----------------------
         Total | 100.0 | 100.0 |   N/A |   N/A | 100.0 | 746.6
       Dungeon | 100.0 | 100.0 |   N/A |   N/A | 100.0 | 829.6
               +-------+-------+-------+-------+-------+----------------------
